[Event "GER-ch Youth U10 2019"]
[Site "Willingen"]
[Date "2019.06.13"]
[Round "8.5"]
[White "Navarro Jahnke, Leo"]
[Black "Dordevic, Tom"]
[Result "1-0"]
[ECO "B23"]
[WhiteElo "1334"]
[BlackElo "1158"]
[Annotator "NA RC"]
[PlyCount "45"]
[EventDate "2019.06.07"]
[EventType "swiss"]
[EventRounds "11"]
[EventCountry "GER"]
[SourceTitle "playchess.com"]
[Source "ChessBase"]
[SourceQuality "1"]
[TimeControl "40/4500+30:900+30"]

1. e4 c5 2. Nc3 Nc6 3. f4 g6 4. Bc4 Bg7 5. Nf3 d6 6. d3 Nf6 7. O-O O-O 8. Qe1 a6 9. f5 b5 10. Bb3 Bb7 11. Qh4 Re8 12. Ng5 Rf8 13. fxg6 h6 14. Nxf7 Rxf7 15. Bxf7+ Kf8 16. Bxh6 Ne5 17. Rxf6 exf6 18. Bxg7+ Kxg7 19. Qh7+ Kf8 20. g7+ Ke7 21. g8=Q Qxg8 22. Bxg8+ Kf8 23. Qxb7 {[%emt 0:00:14] normal} 1-0

[Event "GER-ch Youth U10 2019"]
[Site "Willingen"]
[Date "2019.06.13"]
[Round "8.6"]
[White "Torosyan, Bagrat"]
[Black "Xue, Luka"]
[Result "1-0"]
[ECO "C67"]
[WhiteElo "1444"]
[BlackElo "1429"]
[Annotator "NA"]
[PlyCount "127"]
[EventDate "2019.06.07"]
[EventType "swiss"]
[EventRounds "11"]
[EventCountry "GER"]
[SourceTitle "playchess.com"]
[Source "ChessBase"]
[SourceQuality "1"]
[TimeControl "40/4500+30:900+30"]

1. e4 e5 2. Nf3 Nc6 3. Bb5 Nf6 4. O-O Nxe4 5. d4 Nd6 6. Bxc6 dxc6 7. dxe5 Nf5 8. Qxd8+ Kxd8 9. Nc3 Bd7 10. Rd1 Kc8 11. Ng5 Be8 12. g4 Ne7 13. f4 h6 14. Nf3 g6 15. Ne4 Nd5 16. c4 Nb6 17. Nf6 Bc5+ 18. Kg2 Nxc4 19. b3 Ne3+ 20. Bxe3 Bxe3 21. Rd3 Bxf4 22. Rad1 b6 23. Rd8+ Kb7 24. Rxa8 Kxa8 25. Rd8+ Kb7 26. Rxe8 Rxe8 27. Nxe8 a5 28. h4 c5 29. h5 gxh5 30. gxh5 b5 31. Kf2 a4 32. Nf6 b4 33. Ke2 c4 34. bxa4 c6 35. Kd1 Ka6 36. Kc2 Ka5 37. Nd4 c5 38. Nf5 Kxa4 39. Ne4 b3+ 40. axb3+ cxb3+ 41. Kb1 c4 42. Nfd6 Bxe5 43. Nxc4 Bf4 44. Ncd6 Kb4 45. Nxf7 Kc4 46. Nf6 Kd4 47. Kb2 Ke3 48. Kxb3 Kf3 49. Kc4 Kg3 50. Kd5 Bd2 51. Ke4 Bc3 52. Nd5 Kh4 53. Nxc3 Kxh5 54. Kf5 Kh4 55. Kf4 Kh5 56. Nh8 Kh4 57. Ng6+ Kh5 58. Ne5 Kh4 59. Ne4 Kh5 60. Ng3+ Kh4 61. Ng6+ Kh3 62. Kf3 h5 63. Nf1 h4 64. Nf4# {normal} 1-0

[Event "GER-ch Youth U10 2019"]
[Site "Willingen"]
[Date "2019.06.13"]
[Round "8.7"]
[White "Fietz, Nils"]
[Black "Haubold, Christian Lucas"]
[Result "1/2-1/2"]
[ECO "A02"]
[WhiteElo "1677"]
[BlackElo "1387"]
[Annotator "NA"]
[PlyCount "78"]
[EventDate "2019.06.07"]
[EventType "swiss"]
[EventRounds "11"]
[EventCountry "GER"]
[SourceTitle "playchess.com"]
[Source "ChessBase"]
[SourceQuality "1"]
[TimeControl "40/4500+30:900+30"]

1. f4 c5 2. Nf3 d5 3. g3 Nf6 4. Bg2 e6 5. O-O Bd6 6. d3 O-O 7. c3 Nc6 8. Na3 a6 9. Nc2 Bd7 10. Qe1 Qc7 11. e4 dxe4 12. dxe4 e5 13. f5 Nh5 14. Qe2 g6 15. Nh4 Be7 16. Bf3 Ng7 17. Bh6 Bxh4 18. gxh4 Rfd8 19. h5 Be8 20. hxg6 fxg6 21. Bg2 Bf7 22. Qf2 Na5 23. b3 Rd3 24. c4 Rad8 25. Be3 b6 26. Ne1 R3d6 27. Qg3 Rd1 28. Rxd1 Rxd1 29. Nf3 Rxf1+ 30. Bxf1 Nc6 31. Bh3 Qd6 32. Ng5 Nd4 33. Nxf7 Kxf7 34. Qf2 Qf6 35. fxg6+ hxg6 36. Qxf6+ Kxf6 37. Kf2 Nc2 38. Bg4 Nxe3 39. Kxe3 Nh5 {[%emt 0:00:14] normal} 1/2-1/2

[Event "GER-ch Youth U10 2019"]
[Site "Willingen"]
[Date "2019.06.13"]
[Round "8.8"]
[White "Arora, Abhiraaj"]
[Black "Ruddat, Jarne"]
[Result "1-0"]
[ECO "D26"]
[WhiteElo "1454"]
[BlackElo "1350"]
[Annotator "NA"]
[PlyCount "43"]
[EventDate "2019.06.07"]
[EventType "swiss"]
[EventRounds "11"]
[EventCountry "GER"]
[SourceTitle "playchess.com"]
[Source "ChessBase"]
[SourceQuality "1"]
[TimeControl "40/4500+30:900+30"]

1. d4 d5 2. c4 dxc4 3. e3 e6 4. Bxc4 Nf6 5. Nf3 c5 6. O-O cxd4 7. exd4 Be7 8. Nc3 O-O 9. Bg5 h6 10. Bh4 Nc6 11. Qd2 Qd7 12. Rad1 Bb4 13. Bxf6 Na5 14. Bd3 gxf6 15. Qxh6 Rd8 16. Ne4 Qe7 17. Nxf6+ Qxf6 18. Qxf6 Rd7 19. Ne5 Be7 20. Bh7+ Kxh7 21. Qxf7+ Kh8 22. Ng6# {normal} 1-0

[Event "GER-ch Youth U10 2019"]
[Site "Willingen"]
[Date "2019.06.13"]
[Round "8.9"]
[White "Haubold, Sebastian Marcel"]
[Black "Meng, Yuxuan"]
[Result "1-0"]
[ECO "C63"]
[WhiteElo "1506"]
[BlackElo "1288"]
[Annotator "NA"]
[PlyCount "41"]
[EventDate "2019.06.07"]
[EventType "swiss"]
[EventRounds "11"]
[EventCountry "GER"]
[SourceTitle "playchess.com"]
[Source "ChessBase"]
[SourceQuality "1"]
[TimeControl "40/4500+30:900+30"]

1. e4 e5 2. Nf3 Nc6 3. Bb5 f5 4. Bxc6 dxc6 5. O-O Bd6 6. Nc3 Nf6 7. d4 fxe4 8. Nxe5 Bf5 9. Bf4 Qe7 10. Qe2 O-O-O 11. a4 Rhg8 12. a5 c5 13. a6 c6 14. axb7+ Qxb7 15. Qc4 g5 16. Bg3 Rge8 17. Nf7 Be6 18. Nxd8 Bxc4 19. Nxb7 Bxg3 20. fxg3 Kxb7 21. Rxf6 {[%emt 0:00:09] normal} 1-0

[Event "GER-ch Youth U10 2019"]
[Site "Willingen"]
[Date "2019.06.14"]
[Round "9.1"]
[White "Helms, Finn"]
[Black "Navarro Jahnke, Leo"]
[Result "0-1"]
[ECO "A45"]
[WhiteElo "1773"]
[BlackElo "1334"]
[Annotator "NA"]
[PlyCount "65"]
[EventDate "2019.06.07"]
[EventType "swiss"]
[EventRounds "11"]
[EventCountry "GER"]
[SourceTitle "playchess.com"]
[Source "ChessBase"]
[SourceQuality "1"]
[TimeControl "40/4500+30:900+30"]

1. d4 Nf6 2. Bf4 g6 3. e3 Bg7 4. Nc3 d5 5. h4 h5 6. Bd3 O-O 7. Nf3 c5 8. Ne2 c4 9. O-O cxd3 10. cxd3 Nc6 11. Rc1 Bg4 12. Ne5 Nxe5 13. Bxe5 Rc8 14. f3 Bd7 15. Nc3 Bc6 16. e4 Ne8 17. Bxg7 Nxg7 18. e5 e6 19. Qe1 Nf5 20. g4 hxg4 21. fxg4 Nxd4 22. Rf4 Qb6 23. Qf2 Nb5 24. d4 Nxc3 25. bxc3 Qd8 26. g5 Kg7 27. Re1 Rc7 28. Re3 Rh8 29. Rh3 Rh5 30. Rf6 Qf8 31. Rhf3 Be8 32. Rxg6+ Kxg6 33. Rf6+ {[%emt 0:00:06] normal} 0-1

[Event "GER-ch Youth U10 2019"]
[Site "Willingen"]
[Date "2019.06.14"]
[Round "9.2"]
[White "Grabs, Peter"]
[Black "Torosyan, Bagrat"]
[Result "0-1"]
[ECO "B30"]
[WhiteElo "1575"]
[BlackElo "1444"]
[Annotator "NA"]
[PlyCount "90"]
[EventDate "2019.06.07"]
[EventType "swiss"]
[EventRounds "11"]
[EventCountry "GER"]
[SourceTitle "playchess.com"]
[Source "ChessBase"]
[SourceQuality "1"]
[TimeControl "40/4500+30:900+30"]

1. e4 c5 2. Nf3 Nc6 3. Bb5 e5 4. O-O Nge7 5. Re1 g6 6. c3 Bg7 7. Na3 O-O 8. Nc2 d5 9. exd5 Qxd5 10. Ne3 Qd8 11. b3 Be6 12. Bb2 a6 13. Bxc6 Nxc6 14. h3 e4 15. Nh2 Qd3 16. Qc2 Ne5 17. Ba3 Rfd8 18. Rad1 f5 19. Qxd3 Nxd3 20. Re2 b5 21. Bc1 c4 22. b4 a5 23. bxa5 Rxa5 24. a3 f4 25. Nc2 Bf5 26. Nf1 g5 27. Nh2 h5 28. f3 Re8 29. fxe4 Rxe4 30. Rxe4 Bxe4 31. Nf3 Bxf3 32. gxf3 Bf8 33. Nd4 Bc5 34. Kg2 Bxd4 35. cxd4 Kf7 36. Kf1 Ke6 37. Ke2 Kf5 38. Rg1 Ra6 39. Kd1 Rg6 40. Kc2 g4 41. hxg4+ hxg4 42. fxg4+ Rxg4 43. Rf1 Ke4 44. a4 b4 45. a5 Rg5 {[%emt 0:00:16] normal} 0-1

[Event "GER-ch Youth U10 2019"]
[Site "Willingen"]
[Date "2019.06.14"]
[Round "9.3"]
[White "Besou, Hussain"]
[Black "Sommer, Justus"]
[Result "1-0"]
[ECO "A25"]
[WhiteElo "1785"]
[BlackElo "1684"]
[Annotator "NA"]
[PlyCount "109"]
[EventDate "2019.06.07"]
[EventType "swiss"]
[EventRounds "11"]
[EventCountry "GER"]
[SourceTitle "playchess.com"]
[Source "ChessBase"]
[SourceQuality "1"]
[TimeControl "40/4500+30:900+30"]

1. c4 e5 2. Nc3 Nc6 3. g3 Nf6 4. Bg2 Bc5 5. Nf3 d6 6. O-O O-O 7. d3 Be6 8. Ng5 Bg4 9. h3 Bh5 10. a3 a5 11. Rb1 h6 12. Nge4 Nxe4 13. Nxe4 Bb6 14. b4 Nd4 15. g4 Bg6 16. c5 Bxe4 17. Bxe4 dxc5 18. bxc5 Bxc5 19. e3 Ne6 20. Rxb7 Bb6 21. Rxb6 cxb6 22. Bxa8 Qxa8 23. Bb2 Qd5 24. Qe2 Rd8 25. Rd1 e4 26. d4 Ng5 27. Kg2 Nf3 28. Rh1 f5 29. Rc1 fxg4 30. Qc4 gxh3+ 31. Kxh3 Kh7 32. Qxd5 Rxd5 33. Kg4 Ng5 34. Rc6 Rb5 35. Bc1 Nf7 36. Kf4 h5 37. Kxe4 h4 38. Kf3 Rg5 39. e4 Rg1 40. Bf4 h3 41. Rc1 Ng5+ 42. Bxg5 Rxg5 43. Rh1 Rb5 44. Rxh3+ Kg6 45. Ke2 Rb2+ 46. Ke1 Rb1+ 47. Kd2 Rb2+ 48. Kc3 Rxf2 49. Rg3+ Kf7 50. e5 b5 51. d5 Rf4 52. e6+ Kf6 53. Re3 Rc4+ 54. Kb2 {[%emt 0:00:50] normal} Ke7 {[%emt 0:02:29] normal} 55. d6+ {[%emt 0:00:12] normal} 1-0

[Event "GER-ch Youth U10 2019"]
[Site "Willingen"]
[Date "2019.06.14"]
[Round "9.4"]
[White "Sauer, Tim"]
[Black "Arora, Abhiraaj"]
[Result "1-0"]
[ECO "A22"]
[WhiteElo "1553"]
[BlackElo "1454"]
[Annotator "NA"]
[PlyCount "92"]
[EventDate "2019.06.07"]
[EventType "swiss"]
[EventRounds "11"]
[EventCountry "GER"]
[SourceTitle "playchess.com"]
[Source "ChessBase"]
[SourceQuality "1"]
[TimeControl "40/4500+30:900+30"]

1. c4 e5 2. Nc3 Nf6 3. g3 c6 4. Nf3 e4 5. Nd4 d5 6. cxd5 Qb6 7. Nb3 cxd5 8. Bg2 Nc6 9. O-O Be6 10. d3 exd3 11. Qxd3 Rd8 12. Bg5 Be7 13. Rac1 O-O 14. Na4 Qc7 15. Bf4 Qc8 16. Nd4 Bh3 17. Nc5 Ne4 18. Nxc6 Qxc6 19. Nxe4 dxe4 20. Qxd8 Rxd8 21. Rxc6 Bxg2 22. Kxg2 bxc6 23. Rc1 c5 24. Be3 Rd5 25. Rc4 f5 26. Ra4 Rd7 27. Ra5 Rc7 28. Kf1 g6 29. Ke1 Rb7 30. b3 Rc7 31. Kd1 Kf7 32. Kc2 Ke6 33. Kc3 Kd5 34. b4 Kc6 35. Bxc5 Kd5 36. Rxa7 Rxc5+ 37. bxc5 Bxc5 38. Ra5 Kc6 39. e3 Kb6 40. Ra8 Bd6 41. Re8 Kc7 42. Kc2 Bb4 43. Kd1 Kd7 44. Rh8 Ke6 45. Rxh7 Kf6 46. Rb7 Ba5 {[%emt 0:00:18] normal} 1-0

[Event "GER-ch Youth U10 2019"]
[Site "Willingen"]
[Date "2019.06.14"]
[Round "9.5"]
[White "Haubold, Christian Lucas"]
[Black "Ermitsch, Magnus"]
[Result "0-1"]
[ECO "B48"]
[WhiteElo "1387"]
[BlackElo "1843"]
[Annotator "NA"]
[PlyCount "82"]
[EventDate "2019.06.07"]
[EventType "swiss"]
[EventRounds "11"]
[EventCountry "GER"]
[SourceTitle "playchess.com"]
[Source "ChessBase"]
[SourceQuality "1"]
[TimeControl "40/4500+30:900+30"]

1. e4 c5 2. Nf3 e6 3. d4 cxd4 4. Nxd4 Nc6 5. Nc3 Qc7 6. Be3 Nf6 7. Bd3 a6 8. O-O b5 9. Nxc6 Qxc6 10. f3 Bc5 11. Qe2 Bb7 12. Kh1 Bxe3 13. Qxe3 d6 14. a4 b4 15. Na2 Qc5 16. Qd2 a5 17. c3 bxc3 18. Qxc3 Qxc3 19. Nxc3 Ke7 20. Rfe1 Rhd8 21. g3 d5 22. e5 Nd7 23. Nb5 Nc5 24. Bc2 Rab8 25. Nd4 Rdc8 26. Rab1 Nxa4 27. Bxa4 Rc4 28. Nxe6 fxe6 29. Bb3 Rb4 30. Bc2 d4 31. Kg2 Bd5 32. b3 Bxb3 33. Bxh7 Bc4 34. Rec1 d3 35. Ra1 Rb2+ 36. Kh3 d2 37. Rxc4 Rb1 38. Rxa5 d1=Q 39. Rc7+ Kf8 40. Raa7 Qf1+ 41. Kg4 {[%emt 0:15:45] normal} R1b4+ {[%emt 0:12:49] normal} 0-1

[Event "GER-ch Youth U10 2019"]
[Site "Willingen"]
[Date "2019.06.14"]
[Round "9.6"]
[White "Dorendorf, Mika"]
[Black "Haubold, Sebastian Marcel"]
[Result "1/2-1/2"]
[ECO "B24"]
[WhiteElo "1398"]
[BlackElo "1506"]
[Annotator "NA"]
[PlyCount "111"]
[EventDate "2019.06.07"]
[EventType "swiss"]
[EventRounds "11"]
[EventCountry "GER"]
[SourceTitle "playchess.com"]
[Source "ChessBase"]
[SourceQuality "1"]
[TimeControl "40/4500+30:900+30"]

1. e4 c5 2. Nc3 Nc6 3. g3 Nf6 4. Bg2 g6 5. d3 Bg7 6. Be3 d6 7. Qd2 O-O 8. Bh6 Be6 9. h4 Qb6 10. O-O-O Qa6 11. Kb1 b5 12. h5 b4 13. Nd5 Bxd5 14. exd5 Nd4 15. Nf3 Nxf3 16. Bxf3 Qc8 17. hxg6 fxg6 18. Bxg7 Kxg7 19. Qh6+ Kf7 20. Rde1 Rh8 21. Rxe7+ Kxe7 22. Qg7+ Kd8 23. Qxh8+ Ne8 24. Re1 Qd7 25. Bg4 Qf7 26. Re2 Kc7 27. f4 Rd8 28. Be6 Qe7 29. Qg8 Nf6 30. Qf7 Re8 31. Qxe7+ Rxe7 32. Rh2 h5 33. b3 Ne8 34. Kc1 Ng7 35. g4 Nxe6 36. dxe6 hxg4 37. Rg2 Rxe6 38. Rxg4 Kc6 39. Kd2 a5 40. Rg3 Kb5 41. Re3 Rf6 42. Rf3 g5 43. Ke3 Rxf4 44. Rxf4 gxf4+ 45. Kxf4 Kc6 46. Ke4 d5+ 47. Ke5 c4 48. Kd4 cxb3 49. cxb3 Kd6 50. Ke3 Ke5 51. d4+ Kf5 52. Kf3 Kg5 53. Kg3 Kf5 54. Kf3 Kg5 55. Kg3 Kf5 56. Kf3 {normal Ke4+} 1/2-1/2

[Event "GER-ch Youth U10 2019"]
[Site "Willingen"]
[Date "2019.06.14"]
[Round "9.7"]
[White "Huber, Benedikt Thomas"]
[Black "Fietz, Nils"]
[Result "1/2-1/2"]
[ECO "C47"]
[WhiteElo "1441"]
[BlackElo "1677"]
[Annotator "NA"]
[PlyCount "113"]
[EventDate "2019.06.07"]
[EventType "swiss"]
[EventRounds "11"]
[EventCountry "GER"]
[SourceTitle "playchess.com"]
[Source "ChessBase"]
[SourceQuality "1"]
[TimeControl "40/4500+30:900+30"]

1. e4 e5 2. Nf3 Nf6 3. Nc3 Nc6 4. a3 d5 5. Bb5 Bg4 6. exd5 Nxd5 7. Qe2 f6 8. Qe4 Bxf3 9. Qxf3 Nde7 10. O-O Qd7 11. Na4 O-O-O 12. Nc5 Qd5 13. Qxd5 Rxd5 14. b4 b6 15. c4 Rd4 16. Nb3 Rd3 17. Rb1 Kb7 18. c5 Rd5 19. Bc4 Rd8 20. b5 Nd4 21. cxb6 axb6 22. Nxd4 Rxd4 23. d3 Nf5 24. Bb2 Rd8 25. a4 Bc5 26. Bc3 Bd4 27. Bd2 h5 28. a5 bxa5 29. Bxa5 Bb6 30. Bd2 g5 31. Ra1 g4 32. Bb4 Nd4 33. Be7 Ne2+ 34. Kh1 Rd7 35. Bxf6 Rf8 36. Bxe5 Rxf2 37. Rxf2 Bxf2 38. Ra2 Re7 39. Rxe2 Bd4 40. Bd5+ Kb8 41. Bxc7+ Rxc7 42. Re8+ Ka7 43. Bc6 Rf7 44. Re1 Kb6 45. Be8 Rf5 46. Re6+ Kb7 47. Bc6+ Kc7 48. Re1 Kb6 49. Bd7 Rf7 50. Be8 Rf5 51. Bg6 Rxb5 52. Be8 Rc5 53. Rb1+ {[%emt 0:00:47] normal} Kc7 {[%emt 0:00:15] normal} 54. Bg6 {[%emt 0:00:47] normal} h4 55. Be4 {[%emt 0:00:59] normal} g3 56. h3 Rc2 {[%emt 0:00:42] normal} 57. Rb7+ {[%emt 0:01:05] normal} 1/2-1/2

[Event "GER-ch Youth U10 2019"]
[Site "Willingen"]
[Date "2019.06.14"]
[Round "9.8"]
[White "Dordevic, Tom"]
[Black "Aniol, Nico"]
[Result "1/2-1/2"]
[ECO "B01"]
[WhiteElo "1158"]
[BlackElo "1406"]
[Annotator "NA"]
[PlyCount "79"]
[EventDate "2019.06.07"]
[EventType "swiss"]
[EventRounds "11"]
[EventCountry "GER"]
[SourceTitle "playchess.com"]
[Source "ChessBase"]
[SourceQuality "1"]
[TimeControl "40/4500+30:900+30"]

1. e4 d5 2. exd5 Nf6 3. d4 Bg4 4. f3 Bf5 5. c4 e6 6. dxe6 Nc6 7. exf7+ Kxf7 8. Bd3 Bxd3 9. Qxd3 Qxd4 10. Qxd4 Nxd4 11. Kd1 Rd8 12. Bd2 Bc5 13. Ne2 Nxe2 14. Kxe2 Rhe8+ 15. Kd1 Rd4 16. b3 Red8 17. Kc2 Rd3 18. Re1 Bf2 19. Re2 Bb6 20. Nc3 R3d7 21. Rae1 Bc5 22. Bg5 Bd6 23. Re6 Bxh2 24. Nd5 Re8 25. Rxf6+ gxf6 26. Rxe8 Kxe8 27. Nxf6+ Ke7 28. Nxd7+ Kxd7 29. Be3 a6 30. Bd4 Kd6 31. Kd3 c5 32. Bc3 b6 33. Bf6 Bg3 34. Bd8 b5 35. Bb6 Kc6 36. Bd8 Kd6 37. Bg5 Ke5 {[%emt 0:01:13] normal} 38. Be7 Bf2 {[%emt 0:00:07] normal} 39. cxb5 axb5 {[%emt 0:00:07] normal} 40. Bg5 {[%emt 0:02:03] normal} 1/2-1/2

[Event "GER-ch Youth U10 2019"]
[Site "Willingen"]
[Date "2019.06.14"]
[Round "9.9"]
[White "Klaska, Philipp Leon"]
[Black "Chugunov, Ivan"]
[Result "1-0"]
[ECO "B17"]
[WhiteElo "1444"]
[BlackElo "1310"]
[Annotator "NA"]
[PlyCount "88"]
[EventDate "2019.06.07"]
[EventType "swiss"]
[EventRounds "11"]
[EventCountry "GER"]
[SourceTitle "playchess.com"]
[Source "ChessBase"]
[SourceQuality "1"]
[TimeControl "40/4500+30:900+30"]

1. e4 c6 2. d4 d5 3. Nd2 dxe4 4. Nxe4 Nd7 5. c3 Ngf6 6. Nxf6+ Nxf6 7. Bc4 Bf5 8. Qb3 e6 9. Qxb7 Qc8 10. Qxc8+ Rxc8 11. Ne2 c5 12. Bb5+ Kd8 13. O-O cxd4 14. Nxd4 Be4 15. Rd1 Ke7 16. f3 Bb7 17. Be3 Nd5 18. Bf2 g6 19. Nb3 Bh6 20. Bxa7 Rhd8 21. Bf2 Ne3 22. Bxe3 Bxe3+ 23. Kf1 Bf4 24. h3 Kf6 25. Ke2 Kg5 26. Rxd8 Rxd8 27. Rd1 Rxd1 28. Kxd1 Kh4 29. Ke2 Kg3 30. Kf1 e5 31. Nc5 Ba8 32. Ne4+ Bxe4 33. fxe4 f5 34. Bd3 Bc1 35. exf5 Bxb2 36. fxg6 hxg6 37. Bxg6 Bxc3 38. a4 Ba5 39. Ke2 Bd8 40. Be4 Kf4 41. Kd3 Ba5 42. Bf3 Bd8 43. Kc4 e4 44. Bxe4 Kxe4 {[%emt 0:00:04] normal} 1-0

[Event "GER-ch Youth U10 2019"]
[Site "Willingen"]
[Date "2019.06.14"]
[Round "10.1"]
[White "Sauer, Tim"]
[Black "Helms, Finn"]
[Result "1-0"]
[ECO "A16"]
[WhiteElo "1553"]
[BlackElo "1773"]
[Annotator "NA"]
[PlyCount "80"]
[EventDate "2019.06.07"]
[EventType "swiss"]
[EventRounds "11"]
[EventCountry "GER"]
[SourceTitle "playchess.com"]
[Source "ChessBase"]
[SourceQuality "1"]
[TimeControl "40/4500+30:900+30"]

1. c4 Nf6 2. Nc3 g6 3. g3 Bg7 4. Bg2 d6 5. e3 O-O 6. Nge2 e5 7. d4 Nbd7 8. O-O Ne8 9. d5 f5 10. e4 Ndf6 11. f4 Nxe4 12. Nxe4 fxe4 13. Bxe4 Bf5 14. Nc3 Bxe4 15. Nxe4 Nf6 16. Ng5 Qd7 17. Ne6 Rf7 18. fxe5 dxe5 19. Re1 Qd6 20. Qe2 Nd7 21. Nxg7 Kxg7 22. b3 Kg8 23. Bb2 Raf8 24. Rf1 Qc5+ 25. Kg2 c6 26. Rxf7 Rxf7 27. dxc6 Qxc6+ 28. Kg1 Qc5+ 29. Kg2 e4 30. Rd1 Qc6 31. Qe3 Rf3 32. Qd4 Nf6 33. Qd8+ Kg7 34. Bxf6+ Rxf6 35. Qd7+ Qxd7 36. Rxd7+ Rf7 37. Rxf7+ Kxf7 38. Kf2 Ke6 39. Ke3 Ke5 40. g4 g5 {[%emt 0:00:58] normal} 1-0

[Event "GER-ch Youth U10 2019"]
[Site "Willingen"]
[Date "2019.06.14"]
[Round "10.2"]
[White "Torosyan, Bagrat"]
[Black "Besou, Hussain"]
[Result "1-0"]
[ECO "B80"]
[WhiteElo "1444"]
[BlackElo "1785"]
[Annotator "NA"]
[PlyCount "92"]
[EventDate "2019.06.07"]
[EventType "swiss"]
[EventRounds "11"]
[EventCountry "GER"]
[SourceTitle "playchess.com"]
[Source "ChessBase"]
[SourceQuality "1"]
[TimeControl "40/4500+30:900+30"]

1. e4 c5 2. Nf3 e6 3. d4 cxd4 4. Nxd4 Nf6 5. Nc3 d6 6. Be3 a6 7. a4 b6 8. Be2 Bb7 9. f3 Be7 10. Qd2 Nbd7 11. O-O O-O 12. Rad1 Rc8 13. Bd3 Qc7 14. Nde2 Ne5 15. h3 Nfd7 16. f4 Nc4 17. Bxc4 Qxc4 18. Qd3 Qc7 19. Rc1 Nc5 20. Bxc5 Qxc5+ 21. Kh1 f5 22. exf5 exf5 23. Nd4 Rf6 24. Rce1 Bf8 25. Ne6 Qc6 26. Qd2 Rg6 27. Rf2 Re8 28. Nd4 Rxe1+ 29. Qxe1 Qd7 30. Re2 Ba8 31. Qd2 Rh6 32. Kh2 Qf7 33. Qd3 Rf6 34. Nf3 Qh5 35. Nd2 Rh6 36. Qc4+ Qf7 37. Qxa6 Bb7 38. Qc4 d5 39. Qd3 Bd6 40. Qe3 Bc6 41. Nf3 Qc7 42. Ne5 Re6 43. Qg3 d4 44. Nb5 Bxb5 45. axb5 h6 46. Qb3 Qc8 {normal} 1-0

[Event "GER-ch Youth U10 2019"]
[Site "Willingen"]
[Date "2019.06.14"]
[Round "10.4"]
[White "Ermitsch, Magnus"]
[Black "Sommer, Justus"]
[Result "1-0"]
[ECO "C77"]
[WhiteElo "1843"]
[BlackElo "1684"]
[Annotator "NA"]
[PlyCount "47"]
[EventDate "2019.06.07"]
[EventType "swiss"]
[EventRounds "11"]
[EventCountry "GER"]
[SourceTitle "playchess.com"]
[Source "ChessBase"]
[SourceQuality "1"]
[TimeControl "40/4500+30:900+30"]

1. e4 e5 2. Nf3 Nc6 3. Bb5 a6 4. Ba4 Nf6 5. d3 b5 6. Bb3 Be7 7. O-O O-O 8. Re1 h6 9. Nbd2 Re8 10. Nf1 Bf8 11. c3 Qe7 12. Ng3 g6 13. h3 Bb7 14. Nh2 Bg7 15. Ng4 Kh7 16. Qf3 Nxg4 17. Qxg4 Na5 18. Bc2 Rad8 19. b4 Nc6 20. Bb3 d6 21. Re3 Rf8 22. Nf5 gxf5 23. Qxf5+ Kh8 24. Rg3 {[%emt 0:04:33] normal} 1-0

[Event "GER-ch Youth U10 2019"]
[Site "Willingen"]
[Date "2019.06.14"]
[Round "10.5"]
[White "Xue, Luka"]
[Black "Klaska, Philipp Leon"]
[Result "1-0"]
[ECO "D05"]
[WhiteElo "1429"]
[BlackElo "1444"]
[Annotator "NA"]
[PlyCount "53"]
[EventDate "2019.06.07"]
[EventType "swiss"]
[EventRounds "11"]
[EventCountry "GER"]
[SourceTitle "playchess.com"]
[Source "ChessBase"]
[SourceQuality "1"]
[TimeControl "40/4500+30:900+30"]

1. d4 d5 2. Nf3 e6 3. e3 Nf6 4. Bd3 Be7 5. b3 O-O 6. O-O Nbd7 7. Bb2 b6 8. Ne5 Bb7 9. f4 c5 10. Rf3 c4 11. Bf1 cxb3 12. axb3 Qc7 13. Rh3 Rfc8 14. Bd3 Nf8 15. f5 Bd6 16. Qe1 a5 17. Qh4 Ba6 18. c4 exf5 19. Bxf5 Re8 20. Nd2 Ng6 21. Bxg6 fxg6 22. Rc1 Bb4 23. cxd5 Qb7 24. Ne4 g5 25. Nxg5 h6 26. Ngf7 Nxd5 27. Rc6 {[%emt 0:04:47] normal} 1-0

[Event "GER-ch Youth U10 2019"]
[Site "Willingen"]
[Date "2019.06.14"]
[Round "10.6"]
[White "Haubold, Sebastian Marcel"]
[Black "Fietz, Nils"]
[Result "1-0"]
[ECO "C42"]
[WhiteElo "1506"]
[BlackElo "1677"]
[Annotator "NA"]
[PlyCount "115"]
[EventDate "2019.06.07"]
[EventType "swiss"]
[EventRounds "11"]
[EventCountry "GER"]
[SourceTitle "playchess.com"]
[Source "ChessBase"]
[SourceQuality "1"]
[TimeControl "40/4500+30:900+30"]

1. e4 e5 2. Nf3 Nf6 3. Nxe5 d6 4. Nf3 Nxe4 5. d4 d5 6. Bd3 Bf5 7. O-O Bd6 8. Re1 O-O 9. c4 c6 10. Qb3 Qb6 11. Qxb6 axb6 12. Nh4 Bd7 13. Bxe4 dxe4 14. Rxe4 Na6 15. Bd2 Nb4 16. Bxb4 Bxb4 17. a3 Rfe8 18. Re3 Rxe3 19. fxe3 Be6 20. b3 Bg4 21. Nf3 Bf5 22. a4 Bc2 23. Nbd2 Re8 24. Kf2 g5 25. g4 Kg7 26. Ke2 h6 27. Rc1 Bh7 28. Rf1 Bc3 29. Nb1 Bb4 30. Ne5 Bg6 31. Nxg6 Kxg6 32. Nd2 Bd6 33. h3 Bf4 34. Rf3 Bd6 35. Kd3 Re6 36. Ne4 Be7 37. Ng3 f6 38. e4 Bd6 39. Nf5 Bf4 40. h4 Re8 41. h5+ Kh7 42. Rf2 Rd8 43. b4 Ra8 44. Ra2 Bc7 45. d5 Rd8 46. Nd4 Be5 47. Ne6 Re8 48. c5 bxc5 49. bxc5 Kg8 50. Nd4 Rd8 51. Kc4 Kf7 52. Rb2 Rd7 53. Rb6 Bxd4 54. Kxd4 Ke7 55. Kc4 cxd5+ 56. exd5 Kf7 57. c6 bxc6 58. dxc6 {[%emt 0:00:20] normal} 1-0

[Event "GER-ch Youth U10 2019"]
[Site "Willingen"]
[Date "2019.06.14"]
[Round "10.7"]
[White "Arora, Abhiraaj"]
[Black "Dorendorf, Mika"]
[Result "1-0"]
[ECO "D41"]
[WhiteElo "1454"]
[BlackElo "1398"]
[Annotator "NA"]
[PlyCount "79"]
[EventDate "2019.06.07"]
[EventType "swiss"]
[EventRounds "11"]
[EventCountry "GER"]
[SourceTitle "playchess.com"]
[Source "ChessBase"]
[SourceQuality "1"]
[TimeControl "40/4500+30:900+30"]

1. d4 Nf6 2. Nf3 e6 3. c4 d5 4. Nc3 c5 5. cxd5 Nxd5 6. e4 Nxc3 7. bxc3 Nc6 8. Be3 cxd4 9. cxd4 a5 10. a3 Bd7 11. Be2 Ne7 12. Ne5 Nc6 13. Nxd7 Qxd7 14. Bb5 Rd8 15. d5 exd5 16. Bb6 Rc8 17. exd5 Qf5 18. Qe2+ Be7 19. dxc6 bxc6 20. Bd3 Qf6 21. O-O O-O 22. Bxa5 Ra8 23. Qd2 Qd6 24. a4 Rxa5 25. Bxh7+ Kxh7 26. Qxa5 Rd8 27. Qh5+ Kg8 28. Rfd1 Qf6 29. Rxd8+ Bxd8 30. Rf1 Bb6 31. a5 Ba7 32. a6 Qd4 33. Qe2 Qb6 34. Qe8+ Kh7 35. Qc8 Qc5 36. Qb7 Kg8 37. h3 {[%emt 0:00:57] normal} Kh7 38. Qxf7 Qb6 {[%emt 0:00:31] normal} 39. Re1 {[%emt 0:01:28] normal} Qc5 {[%emt 0:01:34] normal} 40. g4 {[%emt 0:02:33] normal} 1-0